Map: Ascension to Aiur LE

Players

A.I. 1 (Elite)

  • Race: Terran Terran
  • Spawn Location: 11:00

A.I. 2 (Elite) - Winner!

  • Race: Terran Terran
  • Spawn Location: 5:00

VOD

Have the link to the VOD?

Description

Time

  • Played on: Aug. 20, 2017, 12:13 a.m.
  • Length: 13:56
Show
View Real Time Build Order
Export as new Build Order

A.I. 1 (Elite) Terran 

Build Orders: MMM Bio 

Get SALT Encoding   

  12  0:01  SCV  
  13  0:13  SCV  
  14  0:19  Supply Depot  
  14  0:25  SCV  
  15  0:29  Refinery  
  15  0:40  SCV  
  16  0:47  Barracks  
  16  0:52  SCV  
  17  1:04  SCV  
  18  1:16  SCV  
  19  1:34  Marine  
  19  1:36  Orbital Command, Factory  
  19  1:39  Supply Depot  
  20  1:50  Barracks  
  20  1:52  Marine  
  21  2:02  SCV  
  22  2:10  Barracks Tech Lab  
  22  2:14  SCV  
  23  2:21  Supply Depot, Hellion  
  25  2:29  Marauder  
  27  2:31  Concussive Shells  
  27  2:37  Barracks Tech Lab  
  27  2:43  Hellion  
  29  2:46  SCV  
  29  2:51  Marauder  
  32  2:56  Marauder  
  32  2:58  Supply Depot  
  34  3:04  Hellion  
  36  3:12  Marauder  
  40  3:20  Marauder  
  40  3:24  Supply Depot  
  40  3:26  Hellion  
  42  3:33  Marauder  
  44  3:40  SCV  
  47  3:41  Marauder  
  47  3:45  Refinery  
  47  3:48  Factory Tech Lab  
  47  3:54  Marine  
  48  3:57  Supply Depot  
  48  4:02  Marine  
  49  4:07  SCV  
  50  4:12  Marine  
  51  4:19  SCV  
  51  4:20  Marine  
  53  4:30  Marine, Stimpack  
  47  4:31  Ghost Academy  
  47  4:32  SCV  
  47  4:38  Marine  
  40  4:46  Command Center  
  40  4:58  Marine  
  41  5:01  Marine  
  42  5:17  Marauder  
  42  5:19  Marine  
  45  5:24  Engineering Bay  
  45  5:37  Marauder  
  45  5:38  Marine  
  45  5:41  Starport  
  48  5:52  Terran Infantry Weapons Level 1  
  48  5:55  Ghost  
  49  5:59  SCV  
  49  6:00  SCV  
  51  6:12  SCV, Marauder  
  51  6:15  SCV  
  51  6:17  Starport Tech Lab  
  55  6:24  Marine, SCV  
  57  6:27  SCV  
  58  6:32  Marine  
  58  6:36  SCV  
  58  6:38  Raven  
  63  6:40  SCV  
  63  6:43  Ghost  
  65  6:48  SCV  
  65  6:52  SCV  
  67  7:00  SCV  
  68  7:04  SCV  
  68  7:08  Supply Depot  
  69  7:09  Refinery  
  69  7:12  SCV  
  69  7:16  SCV  
  69  7:21  Combat Shields  
  69  7:23  Engineering Bay  
  69  7:24  SCV  
  69  7:28  SCV  
  69  7:33  Barracks  
  69  7:36  SCV  
  69  7:46  Terran Infantry Armor Level 1  
  69  7:51  SCV  
  69  7:53  SCV  
  71  7:59  Command Center  
  71  8:00  Marine  
  71  8:02  Marine  
  71  8:03  SCV  
  75  8:05  SCV  
  75  8:15  SCV  
  75  8:17  SCV  
  75  8:18  Medivac, Marauder  
  81  8:21  Barracks Reactor  
  81  8:24  Supply Depot  
  81  8:27  SCV  
  81  8:28  Marauder  
  84  8:40  Marauder  
  86  8:47  Supply Depot  
  86  8:48  Medivac  
  88  8:50  Marauder  
  90  8:57  Personal Cloaking, Marine  
  90  8:59  Marine  
  90  9:00  Ghost  
  94  9:10  Ghost  
  94  9:12  Supply Depot, SCV  
  94  9:13  SCV  
  94  9:15  SCV  
  100  9:24  SCV  
  100  9:25  SCV  
  100  9:27  SCV  
  102  9:36  SCV  
  102  9:37  SCV  
  104  9:39  SCV  
  104  9:40  Missile Turret  
  104  9:42  Missile Turret  
  105  9:45  Armory  
  105  9:48  SCV  
  105  9:51  Command Center  
  106  9:55  Orbital Command  
  105  10:01  SCV  
  105  10:03  SCV  
  105  10:05  Marine  
  108  10:09  Marauder  
  108  10:12  Marine  
  108  10:13  SCV  
  111  10:15  SCV  
  111  10:19  Raven  
  106  10:25  SCV  
  96  10:34  Terran Infantry Weapons Level 2  
  77  10:52  SCV  
  77  10:56  SCV  
  74  11:08  SCV  
  76  11:17  Supply Depot  
  66  11:40  Supply Depot  
  62  12:24  Supply Depot  
  48  13:40  Command Center  
Show
View Real Time Build Order
Export as new Build Order

A.I. 2 (Elite) Terran - Winner!

Build Orders: 1/1/1, MMM Bio, Banshee Rush 

Get SALT Encoding   

  12  0:00  SCV  
  13  0:13  SCV  
  14  0:19  Supply Depot  
  14  0:25  SCV  
  15  0:30  Refinery  
  15  0:41  SCV  
  16  0:47  Barracks  
  16  0:53  SCV  
  17  0:59  Refinery  
  17  1:05  SCV  
  18  1:17  SCV  
  19  1:36  Factory  
  19  1:37  Orbital Command  
  19  1:38  Marine  
  20  1:56  Marine  
  20  1:58  Supply Depot  
  21  2:03  SCV  
  22  2:21  Starport  
  22  2:24  Starport  
  22  2:27  SCV  
  23  2:39  SCV  
  24  2:44  Supply Depot  
  24  2:51  SCV  
  25  2:58  Starport Tech Lab  
  25  3:01  Starport Tech Lab  
  25  3:16  Cloaking Field  
  25  3:18  SCV  
  25  3:19  Banshee x2  
  29  3:21  Marine  
  33  3:28  Supply Depot  
  33  3:30  SCV  
  34  3:39  Marine  
  35  3:42  SCV  
  36  3:54  SCV  
  36  3:57  Marine  
  36  4:01  Banshee  
  40  4:03  Factory Tech Lab, Barracks  
  40  4:06  SCV  
  41  4:15  Marine  
  42  4:23  Siege Tank  
  44  4:26  Supply Depot  
  39  4:32  Marine  
  38  4:49  Barracks Tech Lab  
  38  4:50  Marine  
  39  5:05  Medivac  
  41  5:08  Marine  
  41  5:09  Barracks  
  41  5:10  Stimpack, Marauder  
  44  5:19  Command Center  
  44  5:26  Marine  
  45  5:30  Marine  
  46  5:45  Barracks Reactor  
  46  5:48  Marine  
  47  5:52  Supply Depot  
  47  5:56  Marine  
  48  6:07  Marauder  
  50  6:13  Medivac  
  50  6:15  Barracks Tech Lab, Supply Depot  
  52  6:20  Marine  
  52  6:22  Marine  
  54  6:28  Marauder  
  54  6:32  SCV  
  57  6:33  Marine  
  57  6:34  SCV  
  59  6:43  Marine  
  59  6:44  SCV  
  59  6:47  SCV  
  62  6:49  Marauder  
  62  6:52  Marine, Marauder  
  67  6:56  SCV  
  67  6:59  SCV  
  69  7:08  SCV  
  70  7:11  SCV, Marauder  
  70  7:13  Marauder  
  75  7:20  SCV  
  76  7:24  SCV, Supply Depot  
  77  7:32  SCV, Marauder  
  77  7:36  SCV  
  81  7:44  SCV  
  81  7:48  SCV  
  83  7:52  Supply Depot  
  83  7:55  Concussive Shells, Combat Shields  
  83  7:56  SCV  
  83  7:57  Engineering Bay  
  84  8:00  SCV  
  85  8:08  SCV  
  85  8:10  Command Center  
  86  8:20  SCV  
  86  8:25  Marine, Terran Infantry Weapons Level 1  
  88  8:27  Marine  
  88  8:28  Engineering Bay  
  88  8:31  Marauder  
  91  8:37  Supply Depot  
  91  8:38  Marauder  
  93  8:43  Marine  
  93  8:45  Marine  
  93  8:48  Orbital Command  
  95  8:53  Terran Infantry Armor Level 1, Missile Turret, Marauder  
  97  8:59  Missile Turret, Marauder  
  99  9:03  Supply Depot  
  99  9:10  Medivac, Barracks  
  99  9:13  Medivac  
  99  9:14  Marine  
  99  9:15  Marine  
  105  9:17  Marine  
  105  9:20  Marine  
  105  9:23  SCV x2  
  105  9:24  SCV  
  110  9:35  SCV x2  
  110  9:36  SCV  
  113  9:46  Viking  
  113  9:47  SCV, Marauder  
  113  9:50  Orbital Command, Missile Turret  
  113  9:52  Supply Depot  
  118  9:53  SCV  
  118  9:59  SCV  
  120  10:04  Command Center  
  120  10:07  SCV  
  121  10:11  SCV  
  116  10:15  Missile Turret  
  116  10:18  Medivac  
  116  10:20  SCV  
  111  10:23  SCV  
  109  10:32  SCV  
  93  10:35  SCV  
  88  10:45  SCV  
  88  10:48  SCV  
  90  10:55  Barracks Reactor  
  88  10:57  SCV  
  84  11:09  SCV  
  80  11:15  Command Center  
  80  11:16  SCV  
  70  11:30  SCV x2  
  72  11:42  SCV, Barracks  
  72  11:45  SCV  
  74  11:54  Supply Depot  
  74  11:57  Supply Depot  
  74  12:01  Supply Depot  
  74  12:06  Supply Depot  
  74  12:11  Supply Depot  
  73  12:22  Supply Depot  
  70  12:35  Command Center  
  69  12:51  Command Center  
  69  12:54  Supply Depot  
Tags
 
Composition
MMM BioMMM Bio
Matchup
TvT
Opening
1/1/1
Race
Terran
Spawn Locations
Cross Positions
Strategy
Banshee Rush
Add a new tag
Caveats
  • Supply blocks, unpowered buildings, or Contaminate may cause inaccurate times.
  • Supply counts are checked every 10 seconds.